 Dungeon Crawl Stone Soup version 0.24-a0-446-g87df7205b4 (webtiles) character file.

Game seed: 4646406496628110499

283 nikopol the Magician (level 6, 0/32 HPs)
             Began as a Deep Elf Fire Elementalist on June 23, 2019.
             Slain by a wraith (5 damage)
             ... in an ossuary.
             The game lasted 00:10:03 (2972 turns).

nikopol the Magician (Deep Elf Fire Elementalist)   Turns: 2972, Time: 00:10:04

Health: 0/32       AC:  3    Str:  7    XL:     6   Next: 7%
Magic:  8/16       EV: 13    Int: 22    God:
Gold:   83         SH:  0    Dex: 15    Spells: 6/16 levels left

rFire    . . .     SeeInvis .   (no weapon)
rCold    . . .     Gourm    .   (no shield)
rNeg     . . .     Faith    .   a - +0 robe
rPois    .         Spirit   .   g - +0 helmet "Villuoc" {Str+2} (curse)
rElec    .         Reflect  .   (no cloak)
rCorr    .         Harm     .   (no gloves)
MR       .....                  (no boots)
Stlth    ++........             (no amulet)
HPRegen  0.10/turn              (no ring)
MPRegen  0.15/turn              (no ring)

@: starving, slowed, very slow
A: no striking features
a: no special abilities


You were in an ossuary.
You were starving.

You visited 1 branch of the dungeon, and saw 6 of its levels.
You also visited: Ossuary.

You collected 83 gold pieces.

Inventory:

Armour
 a - a +0 robe (worn)
 g - the cursed +0 helmet "Villuoc" (worn) {Str+2}
   (You took it off Robin on level 1 of the Dungeon)

   It affects your strength (+2).
   It has a curse placed upon it.
Jewellery
 b - an uncursed amulet of magic regeneration {unknown}
 h - an uncursed ring of protection from cold {unknown}
Scrolls
 d - a scroll of fog {unknown}
 f - 6 scrolls of identify {unknown}
 i - 3 scrolls of remove curse {unknown}
 j - a scroll of fear {unknown}
 k - 3 scrolls of teleportation {unknown}
 m - a scroll of silence {unknown}
 o - a scroll of amnesia {unknown}
 p - a scroll of enchant armour {unknown}
Potions
 e - a potion of berserk rage {unknown}
 l - a potion of heal wounds {unknown}
 n - a potion of might {unknown}
Comestibles
 c - 2 rations


   Skills:
 + Level 0.1 Fighting
 + Level 3.0 Dodging
 + Level 2.6 Stealth
 + Level 5.8 Spellcasting
 + Level 3.3 Conjurations
 + Level 4.8 Fire Magic


You had 6 spell levels left.
You knew the following spells:

 Your Spells              Type           Power        Failure   Level  Hunger
a - Flame Tongue          Conj/Fire      ###..        1%          1    None
b - Throw Flame           Conj/Fire      ###...       2%          2    None
c - Conjure Flame         Conj/Fire      ###.....     5%          3    ##.....
d - Sticky Flame          Conj/Fire      ###.....     17%         4    ####...

Your spell library contained the following spells:

 Spells                   Type           Power        Failure   Level  Hunger
 Inner Flame              Hex/Fire       ###.....     11%         3    ##.....
 Fireball                 Conj/Fire      ###.......   43%         5    #####..


Dungeon Overview and Level Annotations

Branches:
Dungeon (6/15)
 Temple: D:4-7

Altars:
Uskayaw

Shops:
D:6 (

Annotations:
D:6 Dowan, Duvessa, Edmund


Message History

Aiming: Flame Tongue (safe; 1% risk of failure)
Press: ? - help, Shift-Dir - straight line, f/p - wraith
Aim: a wraith (lightly damaged)
The flame tongue hits the wraith but does no damage.
The wraith is lightly damaged.
The wraith barely misses you.
Casting: Flame Tongue (safe; 1% risk of failure)
Confirm with . or Enter, or press ? or * to list all spells.
Aiming: Sticky Flame (slightly dangerous; 17% risk of failure)
Press: ? - help, Shift-Dir - straight line, f/p - wraith
Aim: a wraith (lightly damaged)
The sticky flame hits the wraith.
The wraith is moderately damaged.
You are starving!
The wraith hits you!
* * * LOW HITPOINT WARNING * * *
The wraith drains your vigour!
You feel as though you will be slow longer.
The wraith hits you.
You die...

.^.# +...8... #...'.#..'.
####..####.....####..####..'.
............^.............##
.........# #.....^....^..##
##.......# #.......####..#
+....8.^.# #...8....'.#..#
^.####.......###.......####..#
.............................#
.......^#.#..#@#^.#.#........#
..####..#+#..#W#..#'#..####..#
+...# #..#?#.^#.#...'.# .#
##..# #..###..###..####.. ...^
..^................#
.........................#
##########################


You could see a wraith.

Vanquished Creatures
  A bullfrog (D:6)
  A human zombie (Ossuary)
  A mummy (Ossuary)
  Robin (D:1)
  4 gnolls (D:2)
  5 adders
  An adder zombie (D:3)
  7 dart slugs (D:1)
  3 giant cockroaches
  A gnoll zombie (Ossuary)
  14 goblins
  10 hobgoblins
  3 jackals (D:2)
  A quokka (D:2)
  3 bats (D:1)
  2 frilled lizards (D:1)
  3 hobgoblin zombies (Ossuary)
  2 kobolds (D:1)
  6 kobold zombies (Ossuary)
  A leopard gecko zombie (D:3)
  3 rats (D:1)
73 creatures vanquished.

Notes
Turn   | Place    | Note
-------+----------+-------------------------------------------
     0 | D:1      | nikopol the Deep Elf Fire Elementalist began the quest for
                  | the Orb.
     0 | D:1      | Reached XP level 1. HP: 10/10 MP: 6/6
   125 | D:1      | Reached XP level 2. HP: 15/15 MP: 0/8
   581 | D:1      | Reached XP level 3. HP: 17/19 MP: 5/10
  1004 | D:1      | Reached skill level 4 in Spellcasting
  1324 | D:2      | Identified the cursed +0 helmet "Villuoc" {Str+2}
  1324 | D:2      | Noticed Robin
  1464 | D:1      | Killed Robin
  1560 | D:2      | Reached XP level 4. HP: 24/24 MP: 4/12
  1721 | D:2      | Learned a level 2 spell: Throw Flame
  1725 | D:2      | Learned a level 3 spell: Conjure Flame
  1730 | D:2      | Learned a level 4 spell: Sticky Flame
  2172 | D:2      | Reached skill level 5 in Spellcasting
  2172 | D:2      | Reached XP level 5. HP: 28/28 MP: 9/14
  2302 | D:3      | Found a hide-covered altar of Uskayaw.
  2344 | D:3      | You fall into a shaft and drop 3 floors!
  2344 | D:6      | Noticed Dowan
  2346 | D:6      | Noticed Duvessa
  2363 | D:6      | Noticed Edmund
  2390 | D:6      | Found Xapryihu's Weapon Shop.
  2422 | D:5      | Entered Level 5 of the Dungeon
  2500 | D:4      | Found a sand-covered staircase.
  2510 | Ossuary  | Entered an ossuary
  2510 | Ossuary  | Noticed a wraith
  2510 | Ossuary  | Noticed a wraith
  2510 | Ossuary  | Noticed a wraith
  2737 | Ossuary  | Reached XP level 6. HP: 23/32 MP: 8/16
  2966 | Ossuary  | Noticed a wraith
  2972 | Ossuary  | Slain by a wraith

Levels and vault maps discovered:
D:1:      ncdulo_halloftheorcs, layout_loops_corners, minmay_fountain_box
D:2:      layout_loops_ring, uniq_robin
D:3:      layout_rooms, lemuel_crystal_altar, first_ration,
          chequers_ecumenical_altar_simple, serial_undead, serial_undead_d,
          serial_undead_e, serial_undead_c, serial_undead_d, serial_undead_b,
          serial_undead_d, serial_undead_f
D:4:      layout_rooms, bloody_trog, nicolae_overflow_crystal_walls,
          enter_ossuary_3
D:5:      corexii_shack_village, layout_cave_pools, kennysheep_little_box,
          nicolae_ru_sacrificial_ziggurat, minmay_temple_entry_mist,
          biasface_ghost_orc_armoury, grunt_ministairs_10
D:6:      minmay_skewed_foursquare, layout_basic, old_standard_altar,
          serial_shops, nicolae_shop_waterfront, ashenzari_altar_1, uniq_edmund,
          uniq_duvessa
Ossuary:  ossuary_kennysheep_city_of_the_dead

Skill      XL: |  1  2  3  4  5 |
---------------+----------------+-----
Fire Magic     | 4 |  4.8
Spellcasting   | 4 5 |  5.8
Conjurations   | 2 3 |  3.3
Dodging        | 3 |  3.0
Fighting       | |  0.1
Stealth        | |  2.6

Action                   |  1- 3 |  4- 6 || total
-------------------------+-------+-------++-------
Melee: Unarmed           |     1 |       ||     1
 Cast: Flame Tongue      |    84 |    77 ||   161
       Throw Flame       |       |     5 ||     5
       Sticky Flame      |       |     2 ||     2
  Eat: Chunk             |     1 |     3 ||     4
Armor: Robe              |     4 |     5 ||     9
Dodge: Dodged            |    19 |    21 ||    40

Table legend:
 A = Non-vault XP
 B = Vault XP
 C = Vault XP percentage of total XP
 D = Non-vault monster count
 E = Vault monster count
 F = Vault count percentage of total count
                 A         B        C        D         E       F
            +---------+---------+-------+---------+---------+-------
      Total |     290 |     115 |  28.4 |      47 |      26 |  35.6
            +---------+---------+-------+---------+---------+-------
        D:1 |      60 |      16 |  21.1 |      27 |       1 |   3.6
        D:2 |     112 |      18 |  13.8 |      15 |      10 |  40.0
        D:3 |       4 |       7 |  63.6 |       2 |       2 |  50.0
        D:4 |      13 |       0 |   0.0 |       1 |       0 |   0.0
        D:5 |      13 |       2 |  13.3 |       1 |       1 |  50.0
        D:6 |      88 |       0 |   0.0 |       1 |       0 |   0.0
    Ossuary |       0 |      72 | 100.0 |       0 |      12 | 100.0
            +---------+---------+-------+---------+---------+-------
